 Dungeon Sprint DCSS version 0.19-a0-1513-gf6d23ed (webtiles) character file.

83 poirepourri the Covert (level 4, -1/21 HPs)
             Began as a Spriggan Enchanter on Sept 12, 2016.
             Killed from afar by an oklob sapling priest (13 damage)
             ... with a splash of acid
             ... in the Dungeon (Sprint IV: "Fedhas' Mad Dash").
             The game lasted 00:00:50 (425 turns).

poirepourri the Covert (Spriggan Enchanter)          Turns: 425, Time: 00:00:52

Health: -1/21      AC:  3    Str:  4    XL:     4   Next: 22%
Magic:  1/9        EV: 18    Int: 16    God:
Gold:   58         SH:  0    Dex: 17    Spells: 3 memorised, 2 levels left

rFire  . . .     SeeInvis +     a - +1 dagger
rCold  . . .     Gourm    .     b - +1 robe
rNeg   . . .     Faith    .     (shield restricted)
rPois  .         Spirit   .     (helmet restricted)
rElec  .         Dismiss  .     (no cloak)
rCorr  .         Reflect  .     (gloves unavailable)
MR     .....     Harm     .     (boots unavailable)
Stlth  ++++++.... NoTele   +    k - amulet of invisibility {+Inv}
                                (no ring)
                                (no ring)

@: very quick
A: unfitting armour, see invisible, herbivore 3, speed 3, slow metabolism 2
a: Evoke Invisibility


You were in the Dungeon.
You were not hungry.

You visited 1 branch You collected 58 gold pieces.

Inventory:

Hand Weapons
 a - a +1 dagger (weapon)
Armour
 b - a +1 robe (worn)
Jewellery
 k - the amulet of invisibility (around neck) {+Inv}
   (You found it in the Dungeon)

   [amulet of nothing]

   It lets you turn invisible.
Scrolls
 j - a scroll of blinking
Potions
 e - 3 potions of curing
 f - a potion of heal wounds
 g - a potion of haste
 h - 2 potions of magic
 i - a potion of berserk rage
Books
 c - a book of Maledictions

   Spells                             Type                      Level
   a - Corona                         Hexes                        1
   b - Ensorcelled Hibernation        Hexes/Ice                    2
   c - Confuse                        Hexes                        3
   d - Tukima's Dance                 Hexes                        3
   e - Dazzling Spray                 Conjuration/Hexes            3
Comestibles
 d - a bread ration


   Skills:
 + Level 1.4 Short Blades
 - Level 3.0 Dodging
 + Level 13.1 Stealth
 - Level 2.6 Spellcasting
 - Level 3.6 Hexes


You had 2 spell levels left.
You knew the following spells:

 Your Spells              Type           Power        Failure   Level  Hunger
a - Corona                Hex            ##.....      6%          1    #......
b - Ensorcelled Hibernat  Hex/Ice        #.....       17%         2    ##.....
c - Confuse               Hex            ##......     14%         3    ###....


Dungeon Overview and Level Annotations

Branches:
Dungeon (1/1)

Altars:
Cheibriados
Dithmenos
Elyvilon
Gozag
Hepliaklqana
Kikubaaqudgha
Makhleb
Nemelex Xobeh
Okawaru
Qazlal
Ru
Sif Muna
Trog
Uskayaw
Vehumet
Xom
Yredelemnul
Zin
The Shining One
Beogh
Jiyva
Lugonu

Annotations:
D exclusion: oklob sapling


Innate Abilities, Weirdness & Mutations

You are tiny and cannot use many weapons and most armour.
You have supernaturally acute eyesight. (SInv)
You are a herbivore.
You cover ground extremely quickly.
You need consume almost no food.


Message History

The oklob sapling priest is severely damaged.
You completely miss the oklob sapling priest.
The oklob sapling priest is severely damaged.
You hit the oklob sapling priest but do no damage.
The oklob sapling priest is severely damaged.
You hit the oklob sapling priest but do no damage.
The oklob sapling priest is severely damaged.
You hit the oklob sapling priest but do no damage.
The oklob sapling priest is severely damaged.
You hit the oklob sapling priest but do no damage.
The oklob sapling priest is severely damaged.
You hit the oklob sapling priest but do no damage.
The oklob sapling priest is severely damaged.
You hit the oklob sapling priest.
The oklob sapling priest is severely damaged.
The oklob sapling priest seems less confused.
The oklob sapling priest spits acid at you.
The splash of acid hits you!
Ouch! That really hurt!
You die...

########################
....#.....#.⌠._._._._.⌠.
....'.#...'.._._._._._..
....#.#...#..._.@P_._...
########'##.._._._._._..
+...#.⌠._._._._.⌠.
#...############## #####


You could see an oklob sapling priest.

Vanquished Creatures
  2 oklob saplings (D)
  A worker ant (D)
  A river rat (D)
  A rat (D)
5 creatures vanquished.

Notes
Turn   | Place    | Note
-------+----------+-------------------------------------------
     0 | D        | poirepourri the Spriggan Enchanter began the quest for the Orb.
     0 | D        | Reached XP level 1. HP: 9/9 MP: 5/5
    11 | D        | Reached skill level 7 in Stealth
    11 | D        | Reached XP level 2. HP: 13/13 MP: 6/6
    20 | D        | Learned a level 2 spell: Ensorcelled Hibernation
    23 | D        | Noticed an oklob sapling
    26 | D        | Killed an oklob sapling
    26 | D        | Reached skill level 10 in Stealth
    26 | D        | Reached XP level 3. HP: 16/16 MP: 8/8
   131 | D        | Reached skill level 12 in Stealth
   155 | D        | Learned a level 3 spell: Confuse
   160 | D        | Noticed an oklob sapling
   167 | D        | Killed an oklob sapling
   167 | D        | Reached skill level 13 in Stealth
   167 | D        | Reached XP level 4. HP: 21/21 MP: 2/9
   405 | D        | Found an opulent altar of Gozag.
   405 | D        | Found a hazy altar of Hepliaklqana.
   405 | D        | Found a burning altar of Makhleb.
   405 | D        | Found a roughly hewn altar of Beogh.
   405 | D        | Found a sparkling altar of Nemelex Xobeh.
   405 | D        | Found a snail-covered altar of Cheibriados.
   405 | D        | Found a sacrificial altar of Ru.
   405 | D        | Found a deep blue altar of Sif Muna.
   405 | D        | Found a shimmering altar of Xom.
   405 | D        | Found a basalt altar of Yredelemnul.
   406 | D        | Found a viscous altar of Jiyva.
   406 | D        | Found a bloodstained altar of Trog.
   407 | D        | Found an iron altar of Okawaru.
   407 | D        | Found a shadowy altar of Dithmenos.
   407 | D        | Found a glowing silver altar of Zin.
   408 | D        | Found an ancient bone altar of Kikubaaqudgha.
   408 | D        | Found a hide-covered altar of Uskayaw.
   409 | D        | Found a stormy altar of Qazlal.
   409 | D        | Found a white marble altar of Elyvilon.
   409 | D        | Found a glowing golden altar of the Shining One.
   410 | D        | Found a corrupted altar of Lugonu.
   410 | D        | Found a radiant altar of Vehumet.
   425 | D        | Killed from afar by an oklob sapling priest

Vault maps used:
D:        dungeon_sprint_fedhas

Skill      XL: |  1  2  3 |
---------------+----------+-----
Stealth        | 7 10 13 | 13.1
Short Blades   | |  1.4
Dodging        | |  3.0
Spellcasting   | |  2.6
Hexes          | |  3.6

Action                   |  1- 3 |  4- 6 || total
-------------------------+-------+-------++-------
Melee: Dagger            |     8 |    10 ||    18
 Cast: Confuse           |     2 |     3 ||     5
  Use: Scroll            |     1 |       ||     1
 Stab: Sleeping          |     4 |       ||     4
       Confused          |     1 |     1 ||     2
